 Dungeon Crawl Stone Soup version 0.31.0-11-ge490571c62 (webtiles) character file.

Game seed: 4538109709694409213

1444 stipulation the Purveyor of Pain (level 8, -26/36 HPs)
             Began as a Vine Stalker Necromancer on Jan 28, 2024.
             Was an Initiate of Kikubaaqudgha.
             Annihilated by Grum
             ... wielding a -1 glaive
              (31 damage)
             ... on level 8 of the Dungeon.
             The game lasted 00:10:53 (8106 turns).

stipulation the Purveyor of Pain (VSNe)             Turns: 8106, Time: 00:10:53

Health: -26/36     AC:  4    Str: 11    XL:     8   Next: 74%
Magic:  0/19       EV: 17    Int: 17    God:    Kikubaaqudgha [......]
Gold:   389        SH:  0    Dex: 15    Spells: 13/21 levels left

rFire   . . .        g - +0 short sword
rCold   . . .        (no shield)
rNeg    . . .        a - +0 robe
rPois   .            (no helmet)
rElec   .            (no cloak)
rCorr   +            w - +0 pair of gloves
SInv    .            c - +0 pair of boots
Will    +....        (no amulet)
Stlth   ++           q - ring of resist corrosion
HPRegen 1.06/turn    t - +5 ring of evasion
MPRegen 0.16/turn

%: guardian spirit
@: animating dead
A: fangs 3, regeneration 1, magic shield, antimagic bite, no potion heal 2
a: Renounce Religion


You were on level 8 of the Dungeon.
You worshipped Kikubaaqudgha.
Kikubaaqudgha was noncommittal.
You visited 2 branches of the dungeon, and saw 11 of its levels.

You collected 389 gold pieces.

Inventory:

Hand Weapons
 g - a +0 short sword (weapon)
 n - a +0 dagger of freezing
Armour
 a - a +0 robe (worn)
 c - a +0 pair of boots (worn)
 w - a +0 pair of gloves (worn)
Jewellery
 q - a ring of resist corrosion (left hand)
 t - a +5 ring of evasion (right hand)
Wands
 s - a wand of roots (13)
Scrolls
 d - a scroll of vulnerability {unknown}
 f - 3 scrolls of amnesia
 i - 2 scrolls of summoning {unknown}
 k - 2 scrolls of noise {unknown}
 l - 4 scrolls of fear
 m - 2 scrolls of teleportation
 p - 3 scrolls of revelation {unknown}
 r - a scroll of blinking {unknown}
 x - a scroll of enchant weapon {unknown}
Potions
 b - a potion of magic
 e - 2 potions of brilliance
 h - a potion of resistance {unknown}
 j - 2 potions of curing
 o - a potion of cancellation {unknown}
 u - a potion of degeneration {unknown}
 v - a potion of mutation {unknown}
 z - a potion of lignification {unknown}


   Skills:
 - Level 1.5 Dodging
 - Level 2.4 Stealth
 + Level 7.0 Spellcasting
 + Level 7.8 Necromancy
 - Level 4.0 Evocations


You had 13 spell levels left.
You knew the following spells:

 Your Spells              Type           Power      Damage    Failure   Level
a - Necrotise             Necr           100%       1d9       1%          1
b - Vampiric Draining     Necr           32%        2d8       1%          3
c - Animate Dead          Necr           32%        N/A       4%          4

Your spell library contained the following spells:

 Spells                   Type           Power      Damage    Failure   Level
 Apportation              Tloc           12%        N/A       12%         1
 Curse of Agony           Necr           32%        N/A       13%         5
 Swiftness                Air            6%         N/A       34%         3


Dungeon Overview and Level Annotations

Branches:
Dungeon (10/15)            Temple (1/1) D:6
   Lair: D:8-11         Orc: D:9-12

Altars:
Ashenzari
Cheibriados
Dithmenos
Elyvilon
Fedhas
Gozag
Hepliaklqana
Kikubaaqudgha
Makhleb
Nemelex Xobeh
Okawaru
Qazlal
Ru
Sif Muna
Trog
Uskayaw
Vehumet
Wu Jian
Xom
Yredelemnul
Zin
The Shining One

Annotations:
D:4 3 exclusions, Sigmund
D:5 1 exclusion
D:6 2 transporters, epsilonplus's ghost, novice AtBe
D:8 Grum


Innate Abilities, Weirdness & Mutations

You have razor-sharp teeth.
Your natural rate of healing is unusually fast.
When hurt, damage is shared between your health and your magic reserves.
Your bite disrupts and absorbs the magic of your enemies.
Potions cannot restore your health.


Message History

Grum growls angrily.
You hear a shout!
Casting: Animate Dead (quite dangerous; 4% risk of failure)
Confirm with . or Enter, or press ? or * to list all spells.
Aiming: Vampiric Draining (safe; 1% risk of failure)
Press: ? - help, Shift-Dir - straight line, f - wolf
Aim: a wolf You draw life force from the wolf!
The wolf bites you! The wolf misses you. The wolf barely misses you.
Casting: Vampiric Draining (safe; 1% risk of failure)
Confirm with . or Enter, or press ? or * to list all spells.
Aiming: Vampiric Draining (safe; 1% risk of failure)
Press: ? - help, Shift-Dir - straight line, f/p - wolf
Aim: a wolf (heavily wounded)
You draw life force from the wolf!
You feel life coursing into your body.
The wolf stops to sniff the ground.
The wolf completely misses you. The wolf barely misses you. The wolf bites you!
Grum shouts, "Faster, Bowser!
Kill!
Kill!"
Grum hits you from afar with a -1 glaive!
The wolf misses you. The wolf barely misses you. The wolf bites you!
* * * LOW HITPOINT WARNING * * *
Casting: Vampiric Draining (safe; 1% risk of failure)
Confirm with . or Enter, or press ? or * to list all spells.
You don't have enough magic to cast this spell.
Unknown command.
You can't go up here!
Casting: Vampiric Draining (safe; 1% risk of failure)
Confirm with . or Enter, or press ? or * to list all spells.
Aiming: Necrotise (safe; 1% risk of failure)
Press: ? - help, Shift-Dir - straight line, f/p - wolf
Aim: a wolf (almost dead, chance to affect: 83%)
The wolf writhes in agony.
You kill the wolf!
Kikubaaqudgha accepts your kill.
The dead are walking!
The wolf bites you.
* * * LOW HITPOINT WARNING * * *
The wolf bites you but does no damage.
Grum hits you from afar with a -1 glaive!!
Ouch! That really hurt!
You die...
Kikubaaqudgha rasps: "You have failed me!
Welcome... death!"

.... ... .. .
# ## .# ..#
...#.####
......
....../@#
....#.
####..h.h....#
Y##.(.
###.g......#
.# #.
#.Z......# .#
.........# ##
..#........
..#.##...##
...#.# ...#


You could see Grum (ally target), 2 wolves and a friendly wolf zombie.

Vanquished Creatures
  A water moccasin (D:6)
  A black bear (D:5)
  An ice beast (D:5)
  A wolf (D:8)
  2 ogres (D:6)
  2 kobold brigands
  A scorpion (D:5)
  2 jellies
  A hound (D:4)
  3 orc priests (D:5)
  A gnoll bouda (D:7)
  5 iguanas
  Ijyb (D:3)
  2 orc wizards (D:5)
  3 gnolls (D:7)
  12 adders
  2 white imps
  2 ufetubi (D:6)
  3 dart slugs
  A ribbon worm (D:2)
  18 orcs
  9 endoplasms
  3 giant cockroaches
  6 goblins
  4 hobgoblins
  10 jackals (D:3)
  5 quokkas
  5 ball pythons
  5 bats
  3 frilled lizards
  11 kobolds
  6 rats
132 creatures vanquished.

Vanquished Creatures (collateral kills)
  An ogre (D:5)
  An orc (D:5)
  An endoplasm (D:2)
  2 kobolds (D:3)
  A ball python (D:6)
  A frilled lizard (D:3)
  A rat (D:6)
8 creatures vanquished.

Grand Total: 140 creatures vanquished

Notes
Turn   | Place    | Note
-------+----------+-------------------------------------------
     0 | D:1      | stipulation the Vine Stalker Necromancer began the quest
                  | for the Orb.
     0 | D:1      | Reached XP level 1. HP: 9/9 MP: 4/4
   269 | D:1      | Reached XP level 2. HP: 13/13 MP: 3/6
   405 | D:1      | Found a faded altar of an unknown god.
  1164 | D:2      | Reached XP level 3. HP: 16/16 MP: 5/8
  1264 | D:2      | Found a sacrificial altar of Ru.
  1747 | D:2      | Reached XP level 4. HP: 21/21 MP: 2/10
  2136 | D:2      | Reached skill level 5 in Necromancy
  2811 | D:3      | Reached XP level 5. HP: 23/24 MP: 5/11
  2957 | D:3      | Noticed Ijyb
  2967 | D:3      | Killed Ijyb
  4170 | D:4      | Noticed Sigmund
  4314 | D:4      | Reached XP level 6. HP: 28/28 MP: 9/13
  4577 | D:5      | Entered Level 5 of the Dungeon
  4577 | D:5      | Noticed a black bear
  4584 | D:5      | Killed a black bear
  4585 | D:5      | Reached skill level 5 in Spellcasting
  4663 | D:5      | Learned a level 3 spell: Vampiric Draining
  4772 | D:5      | Noticed an ice beast
  4879 | D:5      | Reached skill level 1 in Evocations
  4879 | D:5      | Reached XP level 7. HP: 32/32 MP: 9/16
  5187 | D:5      | Got the Precepts of the Sixfirhy and Topology
  5436 | D:5      | Learned a level 4 spell: Animate Dead
  5591 | D:5      | Gained mutation: You have razor-sharp teeth. [Vine Stalker
                  | growth]
  5591 | D:5      | Reached XP level 8. HP: 36/36 MP: 7/18
  6241 | D:6      | Noticed a hornet
  6262 | D:6      | Noticed epsilonplus's ghost (novice AtBe)
  6412 | D:6      | Found a staircase to the Ecumenical Temple.
  6429 | Temple   | Entered the Ecumenical Temple
  6442 | Temple   | Became a worshipper of Kikubaaqudgha
  6845 | D:6      | Found a transporter.
  6848 | D:6      | Found a transporter.
  7294 | D:6      | Found a burning altar of Makhleb.
  7297 | D:6      | Noticed a blizzard demon
  7367 | D:7      | Identified the +1 robe "Vihyhunn" {rPois rC++ MP-9
                  | Archmagi}
  7806 | D:7      | You fall into a shaft and drop 3 floors!
  7806 | D:10     | Entered Level 10 of the Dungeon
  8073 | D:8      | Noticed a yak
  8073 | D:8      | Noticed a yak
  8086 | D:8      | Noticed a hornet
  8102 | D:8      | Noticed Grum
  8106 | D:8      | Annihilated by Grum

Illustrated notes

Levels and vault maps discovered:
D:1:      lemuel_arrival_river_ford, layout_loops_ring,
          hellmonk_ecumenical_altar_crossroads, minivault_25,
          serial_bayou_pond_e
D:2:      layout_basic, serial_aquarium, aquarium_bridge_straight
          [aquarium_subvault_bridge, aquarium_subvault_window,
          aquarium_subvault_bridge, aquarium_subvault_wall], aquarium_window_1,
          aquarium_window_fake, aquarium_view_4, basic_altar, corexii_shack,
          minmay_hexomino_u4
D:3:      layout_loops_ring, uniq_ijyb
D:4:      layout_gridville, uniq_sigmund
D:5:      layout_rooms
D:6:      layout_basic, makhleb_altar_promises_db, temple_fountains,
          gammafunk_ghost_hive, portal_sewer_entry_e
D:7:      layout_basic
D:8:      layout_basic, erik_lair_island, biasface_ghost_orc_armoury, uniq_grum
D:9:      layout_basic
D:10:     layout_layer_cave, mainiacjoe_overflow_concentric_impassable,
          erik_orc_1, grunt_decor_cap, uniq_sonja
Temple:   nicolae_temple_bog_church

Skill      XL: |  1  2  3  4  5  6  7  8 |
---------------+-------------------------+-----
Spellcasting   | 3 4 5 6 7 |  7.0
Necromancy     | 5 6 7 |  7.8
Evocations     | 1 2 4 |  4.0
Dodging        | |  1.5
Stealth        | |  2.4

Action                     |  1- 3 |  4- 6 |  7- 9 || total
---------------------------+-------+-------+-------++-------
  Melee: Short sword       |     5 |     8 |    73 ||    86
         Bite              |     3 |     3 |    21 ||    27
         Punch             |       |       |     1 ||     1
   Cast: Necrotise         |    74 |   124 |   123 ||   321
         Vampiric Draining |       |       |    11 ||    11
         Animate Dead      |       |       |     1 ||     1
    Use: Scroll            |     3 |     1 |     2 ||     6
   Stab: Distracted        |       |     1 |       ||     1
 Armour: Robe              |    15 |    31 |    59 ||   105
  Dodge: Dodged            |    14 |    48 |   125 ||   187
